 Dungeon Crawl Stone Soup version 0.21-a0-142-gdd972a7 (webtiles) character file.

30 tehllama the Digger (level 3, 0/19 HPs)
             Began as a Gargoyle Earth Elementalist on July 24, 2017.
             Slain by Crazy Yiuf
             ... wielding a +3 quarterstaff of chaos
              (3 damage)
             ... on level 2 of the Dungeon.
             The game lasted 00:01:52 (1413 turns).

tehllama the Digger (Gargoyle Earth Elementalist)   Turns: 1413, Time: 00:01:53

Health: 0/19       AC:  5    Str: 11    XL:     3   Next: 18%
Magic:  1/7        EV: 12    Int: 16    God:
Gold:   76         SH:  0    Dex: 10    Spells: 3/7 levels left

rFire    . . .     SeeInvis .   l - +0 whip
rCold    . . .     Gourm    .   (no shield)
rNeg     + . .     Faith    .   c - +0 robe
rPois    ∞         Spirit   .   (no helmet)
rElec    +         Reflect  .   (no cloak)
rCorr    .         Harm     .   (no gloves)
MR       .....                  (no boots)
Stlth    ++........             p - amulet of magic regeneration
HPRegen  0.06/turn              (no ring)
MPRegen  0.35/turn              (no ring)

@: no status effects
A: negative energy resistance 1, electricity resistance, unbreathing,
petrification resistance, rot immunity, AC +3
a: no special abilities


You were on level 2 of the Dungeon.
You were not hungry.

You visited 1 branch of the dungeon, and saw 2 of its levels.

You collected 76 gold pieces.

Inventory:

Hand Weapons
 l - a +0 whip (weapon)
Missiles
 b - 30 stones (quivered)
Armour
 c - a +0 robe (worn)
Jewellery
 p - an amulet of magic regeneration (around neck)
Scrolls
 g - 2 scrolls of identify {unknown}
 j - 2 scrolls of remove curse {unknown}
 n - a scroll of fear {unknown}
 o - a scroll of blinking {unknown}
Potions
 a - a potion of lignification {unknown}
 h - a potion of brilliance {unknown}
 i - a potion of haste {unknown}
 m - 2 potions of flight {unknown}
 q - a potion of berserk rage {unknown}
 s - a potion of might {unknown}
Books
 e - a book of Geomancy

   Spells                             Type                      Level
   a - Sandblast                      Earth                        1
   b - Passwall                       Transmutation/Earth          2
   c - Stone Arrow                    Conjuration/Earth            3
   d - Petrify                        Transmutation/Earth          4
   e - Lee's Rapid Deconstruction     Earth                        5
Comestibles
 d - 2 bread rations
 f - 3 fruits
 r - a royal jelly


   Skills:
 - Level 1.5 Dodging
 - Level 2.1 Stealth
 + Level 2.7 Spellcasting
 + Level 0.2 Conjurations
   Level 0.7 Transmutations
 + Level 4.3 Earth Magic


You had 3 spell levels left.
You knew the following spells:

 Your Spells              Type           Power        Failure   Level  Hunger
a - Sandblast             Erth           ###...       3%          1    #......
b - Stone Arrow           Conj/Erth      #.....       22%         3    ###....


Dungeon Overview and Level Annotations

Branches:
Dungeon (2/15)

Altars:

Annotations:
D:2 Crazy Yiuf


Innate Abilities, Weirdness & Mutations

You are resistant to torment.
Your stone body is resilient. (AC +3)
You are immune to poison.
You resist negative energy. (rN+)
You are resistant to electric shocks. (rElec)
You can survive without breathing.
You are immune to petrification.
You are immune to rotting.


Message History

Casting: Sandblast
Confirm with . or Enter, or press ? or * to list all spells.
Aiming: Sandblast
Press: ? - help, Shift-Dir - straight line, f/p - Crazy Yiuf
Aim: Crazy Yiuf, wielding a quarterstaff of chaos and wearing a cloak (heavily wounded)
The blast of sand hits Crazy Yiuf.
Crazy Yiuf is heavily wounded.
b - 30 stones Crazy Yiuf hits you with a quarterstaff of chaos!
Ouch! That really hurt!
* * * LOW HITPOINT WARNING * * *
You feel your power leaking away.
You closely miss Crazy Yiuf.
Crazy Yiuf is heavily wounded.
Crazy Yiuf hits you with a quarterstaff of chaos.
* * * LOW HITPOINT WARNING * * *
You barely miss Crazy Yiuf.
Crazy Yiuf is heavily wounded.
Crazy Yiuf hits you with a quarterstaff of chaos.
You die...

##.###.....#
##..##
#..........#
#..P.#
.....#.....#
#.P.##
...........#
##.##
.....###.###
#.##
#....###.##
##.#
##.#.##...#
#.##
#.#.##...##
##.#
#.#.......#
#@#
#.........#
#.g.#
###.......#
#...#
#.##...##
#..)#
#.##...#
#####
#.###.## ..#
#.# ### #.#
...S....#


You could see Crazy Yiuf.

Vanquished Creatures
  An adder (D:2)
  A worm (D:2)
  4 goblins (D:1)
  6 hobgoblins (D:1)
  A frilled lizard (D:2)
  A kobold (D:1)
  3 rats
17 creatures vanquished.

Notes
Turn   | Place    | Note
-------+----------+-------------------------------------------
     0 | D:1      | tehllama the Gargoyle Earth Elementalist began the quest for the Orb.
     0 | D:1      | Reached XP level 1. HP: 10/10 MP: 3/3
   710 | D:1      | Reached skill level 4 in Earth Magic
   710 | D:1      | Reached XP level 2. HP: 15/15 MP: 5/5
  1255 | D:2      | Reached XP level 3. HP: 12/19 MP: 4/7
  1260 | D:2      | Learned a level 3 spell: Stone Arrow
  1309 | D:2      | Found a runed door.
  1407 | D:2      | Noticed Crazy Yiuf
  1413 | D:2      | Slain by Crazy Yiuf

Vault maps used:
D:1:      dpeg_arrival_simpleton_b
D:2:      zin_statuary, doesnt_xom_only_xom, uniq_crazy_yiuf_cottage

Skill      XL: |  1 |
---------------+----+-----
Earth Magic    | 4 |  4.3
Dodging        | |  1.5
Stealth        | |  2.1
Spellcasting   | |  2.7
Conjurations   | |  0.2
Transmutations | |  0.7

Action                   || total
-------------------------++-------
Melee: Unarmed           ||    12
       Club              ||     2
       Whip              ||    36
 Cast: Sandblast         ||    18
 Stab: Sleeping          ||     1
  Eat: Chunk             ||     2
Armor: Robe              ||    19
Dodge: Dodged            ||    29
